 Dungeon Crawl Stone Soup version 0.18-a0-1343-g48c8f86 (webtiles) character file.

120 xeno23 the Skirmisher (level 5, 38/38 HPs)
             Began as a Halfling Wanderer on Feb 16, 2016.
             Got out of the dungeon alive.
             The game lasted 00:07:17 (1756 turns).

xeno23 the Skirmisher (Halfling Wanderer)           Turns: 1756, Time: 00:07:17

Health: 38/38      AC:  3    Str: 14    XL:     5   Next: 25%
Magic:  5/5        EV: 14    Int:  9    God:
Gold:   54         SH:  0    Dex: 15    Spells: 0 memorised, 4 levels left

rFire  . . .     SeeInvis .     a - +2 spear
rCold  . . .     Gourm    .     e - +0 robe
rNeg   . . .     Faith    .     (shield restricted)
rPois  .         Spirit   .     (no helmet)
rElec  .         Dismiss  .     (no cloak)
rCorr  .         Reflect  .     t - +0 pair of gloves
SustAt .         Harm     .     (no boots)
MR     .....                    (no amulet)
Stlth  ++........               (no ring)
                                (no ring)

@: not resistant to hostile enchantments, unstealthy
A: mutation resistance 1
a: no special abilities


You escaped.
You were not hungry.

You visited 1 branch of the dungeon, and saw 3 of its levels.

You collected 54 gold pieces.

Inventory:

Hand Weapons
 a - a +2 spear (weapon)
 c - a +0 shortbow
Missiles
 d - 20 arrows
 n - 65 stones (quivered)
 q - 15 poisoned needles
Armour
 e - a +0 robe (worn)
 m - a +0 shield
 t - a +0 pair of gloves (worn)
Jewellery
 l - an uncursed amulet of guardian spirit {unknown}
Scrolls
 g - a scroll of fear {unknown}
 i - 4 scrolls of remove curse {unknown}
 j - a scroll of fog {unknown}
 o - a scroll of random uselessness {unknown}
 s - a scroll of teleportation {unknown}
Potions
 b - a potion of lignification
 h - a potion of curing {unknown}
 k - a potion of cure mutation {unknown}
 p - a potion of heal wounds {unknown}
Comestibles
 f - 3 bread rations
 r - a beef jerky
 u - a meat ration


   Skills:
 * Level 4.5 Fighting
 - Level 1.5 Polearms
 - Level 2.5 Bows
 - Level 1.1 Throwing
 + Level 1.3 Armour
 + Level 1.9 Dodging
 + Level 2.6 Stealth


You had 4 spell levels left.
You didn't know any spells.

Dungeon Overview and Level Annotations

Branches:
Dungeon (3/15)

Altars:
Dithmenos


Innate Abilities, Weirdness & Mutations

You are small and have problems with some larger weapons.
You are somewhat resistant to further mutation.


Message History

(D) Dungeon
Where to? (Enter - D:3, ? - help)
What level of the Dungeon? (default 1, ? - help)
A hobgoblin comes into view.
Found 8 gold pieces.
There is a stone staircase leading up here.
You climb upwards.
There is a stone staircase leading down here.
(D) Dungeon
Where to? (Enter - D:1, ? - help)
There is a stone staircase leading up here.
You climb upwards.
There is a stone staircase leading down here.
Eating a chunk of flesh.
This raw flesh tastes terrible.
You continue eating. x2
n - 65 stones (gained 17) HP restored.
There is a staircase leading out of the dungeon here.
Are you sure you want to leave the Dungeon?
This will make you lose the game!
You have escaped!

.##.#...# #.##########.#
.##.#...# ###............#
..#.##### #.......#########
..#.###########.......# #...#
^............##.......# ###...###
.#...........##.......###>'.>.#.#
.#.............######'#>.##...#..
.............#....###>.########.#
...>.........#..@.##.##'#######.#
.............#....#.###.......#..
...#.........#....'## #.......###
...#.........#....## #########
...#.........#....#
...################ ...# ...#
...#


There were no monsters in sight!

Vanquished Creatures
  Jessica (D:2)
  3 gnolls (D:2)
  2 adders
  2 oozes
  A giant gecko (D:2)
  2 ball pythons
  2 giant cockroaches
  3 goblins
  2 hobgoblins
  3 jackals (D:1)
  2 kobolds
  11 bats
  3 giant newts
  3 rats
40 creatures vanquished.

Notes
Turn   | Place    | Note
--------------------------------------------------------------
     0 | D:1      | xeno23 the Halfling Wanderer began the quest for the Orb.
     0 | D:1      | xeno23 set off with: a +2 spear, a potion of lignification, a +0 shortbow, 25 arrows, a +0 robe, a bread ration
     0 | D:1      | Reached XP level 1. HP: 16/16 MP: 1/1
    84 | D:1      | Reached XP level 2. HP: 18/22 MP: 2/2
   524 | D:1      | Reached skill level 4 in Fighting
   656 | D:2      | Reached XP level 3. HP: 25/27 MP: 3/3
   723 | D:2      | Noticed Jessica
   727 | D:2      | Killed Jessica
   727 | D:2      | Reached skill level 1 in Armour
   727 | D:2      | Reached skill level 1 in Dodging
   727 | D:2      | Reached XP level 4. HP: 29/33 MP: 4/4
  1359 | D:2      | Reached XP level 5. HP: 34/38 MP: 5/5
  1439 | D:2      | Found a shadowy altar of Dithmenos.
  1756 | D:$      | Got out of the dungeon alive.

Vault maps used:
D:1:      dpeg_arrival_connections
D:2:      lemuel_round_altar, first_bread, uniq_jessica
D:3:      serial_bayou, serial_bayou_lagoon_a, serial_bayou_pond_c,
          serial_bayou_shore_b, serial_bayou_pond_b, cheibriados_altar_1

Action                   |  1- 3 |  4- 6 || total
-------------------------+-------+-------++-------
Melee: Spear             |    40 |    47 ||    87
 Fire: Shortbow          |    13 |    21 ||    34
 Stab: Sleeping          |     4 |     2 ||     6
  Eat: Chunk             |       |     3 ||     3
